Map: Orbital Shipyard (3.0.5 Balance v1.0)

Players

rxrxYUKI - Winner!

  • Race: Protoss Protoss

Player 2

  • Race: Protoss Protoss

VOD

Have the link to the VOD?

Description

Time

  • Played on: Dec. 19, 2015, 9:57 a.m.
  • Length: 7:04
Show
View Real Time Build Order
Export as new Build Order

rxrxYUKI Protoss - Winner!

Build Orders: Mass Adepts 

Get SALT Encoding   

  12  0:02  Probe (Chrono Boost)  
  13  0:13  Probe (Chrono Boost)  
  14  0:19  Pylon  
  14  0:24  Probe (Chrono Boost)  
  15  0:37  Probe (Chrono Boost)  
  15  0:40  Gateway  
  16  0:48  Probe (Chrono Boost)  
  17  0:54  Assimilator  
  17  0:59  Probe (Chrono Boost), Assimilator  
  18  1:08  Gateway  
  18  1:10  Probe (Chrono Boost)  
  19  1:23  Probe (Chrono Boost)  
  20  1:29  Cybernetics Core  
  20  1:40  Pylon  
  20  2:00  Gateway  
  20  2:02  Gateway  
  20  2:06  Adept  
  22  2:10  Adept  
  24  2:37  Adept  
  24  2:39  Adept  
  24  2:42  Pylon  
  28  2:49  Warp Gate  
  28  2:53  Adept  
  30  3:00  Adept  
  30  3:02  Pylon  
  30  3:03  Pylon  
  32  3:12  Gateway  
  32  3:26  Adept x2  
  36  3:34  Adept  
  38  3:51  Adept  
  40  4:15  Adept x3  
  46  4:44  Pylon  
  46  4:46  Pylon  
  46  4:55  Stalker  
  46  4:56  Stalker x2  
  46  4:57  Stalker  
  54  5:03  Stalker  
  56  5:26  Stalker x3  
Show
View Real Time Build Order
Export as new Build Order

Player 2 Protoss 

Build Orders:  

Get SALT Encoding   

  12  0:01  Probe (Chrono Boost)  
  13  0:11  Probe (Chrono Boost)  
  14  0:20  Pylon  
  14  0:22  Probe (Chrono Boost)  
  15  0:38  Probe (Chrono Boost)  
  16  0:47  Assimilator  
  16  0:49  Probe (Chrono Boost), Gateway  
  17  0:59  Probe (Chrono Boost), Pylon  
  18  1:10  Probe (Chrono Boost)  
  19  1:21  Probe (Chrono Boost)  
  20  1:35  Zealot  
  22  1:40  Cybernetics Core  
  22  1:43  Gateway  
  22  1:46  Assimilator  
  22  1:59  Zealot  
  22  2:02  Pylon  
  24  2:13  Warp Gate  
  24  2:25  Zealot  
  26  2:34  Zealot  
  28  2:41  Pylon  
  28  2:50  Zealot  
  30  3:00  Zealot  
  32  3:16  Zealot  
  34  3:20  Pylon  
  34  3:25  Stalker  
  36  3:30  Probe (Chrono Boost)  
  37  3:41  Stalker  
  38  3:43  Probe (Chrono Boost)  
  40  3:50  Forge  
  40  3:53  Stalker  
  40  3:55  Probe (Chrono Boost)  
  43  4:07  Probe (Chrono Boost)  
  43  4:09  Adept  
  46  4:18  Probe (Chrono Boost)  
  46  4:21  Pylon  
  47  4:29  Probe (Chrono Boost)  
  48  4:31  Adept  
  50  5:40  Probe (Chrono Boost)  
  50  5:41  Stalker  
  50  5:44  Stalker  
  36  6:02  Adept  
  36  6:06  Stalker  
  36  6:09  Pylon  
  34  6:13  Pylon  
  26  6:26  Zealot  
  26  6:28  Pylon  
  26  6:37  Nexus  
  22  6:44  Adept, Pylon  
  22  6:48  Gateway  
  15  7:00  Pylon  
Tags
 
Add a new tag
Caveats
  • Supply blocks, unpowered buildings, or Contaminate may cause inaccurate times.
  • Supply counts are checked every 10 seconds.